asdf, lawful female human Knight .--- ....| .---- |. .---- --.......--------------....---.- .....-- .--...........G..(..*............| |........ -........---..|.@--....---......>-- |.<......---------..---.--- ------. .... ........| ..................`... . ... ... .....-.--------- .......| --...-- |...| ---- asdf the Esquire Experience level: 5 Strength: 15 Dexterity: 9 Constitution: 12 Intelligence: 7 Wisdom: 14 Charisma: 18 Health: 0(46) Energy: 31(31) Def: 7 Gold: 351 Moves: 1487 Dungeon seed: J7DTCUjSenFuMsmG Game ID: asdf_1553425927 Your Inventory: Coins $ - 351 gold pieces Amulets h - a cursed amulet of restful sleep Weapons a - a +1 long sword (weapon in hand) b - a +1 lance z - 5 blessed +3 daggers D - 4 +0 daggers Armor e - an uncursed +1 ring mail (being worn) n - an uncursed +0 helmet (being worn) q - an uncursed +0 small shield (being worn) r - a blessed +0 pair of leather gloves (being worn) Comestibles d - 8 uncursed carrots Scrolls o - an uncursed scroll of punishment x - 2 blessed scrolls of blank paper y - an uncursed scroll of blank paper Spellbooks p - an uncursed spellbook of remove curse Potions i - a potion of holy water m - an uncursed potion of extra healing C - an uncursed potion of full healing Wands j - a wand of probing (0:6) Tools k - an expensive camera (0:46) t - a magic marker (0:38) B - 8 uncursed tallow candles (0:200) Spells and supernatural/magical abilities: Name Level Category Fail Memory W - pray for help -- divine ? -- X - turn undead -- divine ? -- Y - supernatural jump -- ability ? -- Your skills at the end: Fighting Skills riding [Basic] Weapon Skills long sword [Basic] lance [Basic] Spellcasting Skills Final Attributes: You were piously aligned. You could jump. You are dead. Vanquished creatures: a rock piercer a pony a fog cloud 6 gnome lords a paper golem a kitten a dwarf a homunculus a coyote a large kobold a hobgoblin 17 gnomes a gecko a jackal 3 foxes a kobold a goblin a grid bug a bat a lichen 4 kobold zombies 2 newts 49 creatures vanquished. Voluntary challenges: You used a wielded weapon 56 times, starting on turn 70. You read items or engraved 2 times, starting on turn 481. You never genocided any monsters. You never polymorphed an object. You never changed form. You used no wishes. You never split a pudding. You never wrote Elbereth's name. You violated your moral code, losing 1 point of alignment, starting on turn 956. Dungeon overview: The Dungeons of Doom: levels 1 to 5 Level 1 a long staircase Level 2 an altar to Lugh, a fountain Level 3 a fountain Level 4 an altar to Brigit stairs to The Gnomish Mines Level 5 The Gnomish Mines: levels 5 to 7 Level 5 stairs to The Dungeons of Doom Level 6 <- You were here Level 7 many shops, a temple to Brigit, some fountains, some trees History has recorded: On T:1 you entered the Dungeons of Doom to retrieve the Amulet of Yendor! On T:135 you reached level 2 of The Dungeons of Doom. On T:413 you reached level 3 of The Dungeons of Doom. On T:565 you reached level 4 of The Dungeons of Doom. On T:605 you advanced to experience level 2. On T:708 you reached level 5 of The Dungeons of Doom. On T:769 you advanced to experience level 3. On T:812 you reached level 1 of The Gnomish Mines. On T:905 you advanced to experience level 4. On T:1048 you advanced to experience level 5. On T:1048 you reached level 2 of The Gnomish Mines. On T:1110 you reached level 3 of The Gnomish Mines. Score breakdown: Gold: 351 ( 8662 points) Experience: 5 levels (11141 points) Exploration: 7 levels ( 14.29%) (10606 points) Discoveries: 4 items ( 1.63%) ( 3825 points) Valuables value: (no points given unless you survive) Artifact value: 0 ( 0 points) Variety of kills: 22 monsters ( 5.77%) ( 7208 points) Turncount: 1487 turns ( 0 points) Survival: died (score multiplied by 80%) Total score: 33153 Latest messages: You see here a gnome corpse. You displace your saddled pony. You see here a gnome lord corpse. You see here 4 tallow candles. You have a little trouble lifting B - 4 tallow candles. This door is locked. Ouch! You bump into a door. (4x) You displace your saddled pony. This door is locked. You mount the saddled pony. Your movements are now unencumbered. Where do you want to travel to? You see here a green gem. Where do you want to travel to? You hear a horn being played. You stop travelling. The bolt of fire hits you! You hear a horn being played. The saddled pony is killed by the bolt of fire! Your movements are slowed slightly because of your load. The gnome plays a fire horn! The bolt of fire hits you! You die... Final status: Fare thee well asdf the Knight, killed by a bolt of fire... You died in The Gnomish Mines on dungeon level 6 with 33153 points, and 351 pieces of gold, after 1487 moves. You were level 5 with a maximum of 46 hit points when you died.